 Dungeon Crawl Stone Soup version 0.28-a0-1292-gb4563b27b3 (webtiles) character file.

Game seed: 2293484994132754542

217 Conn the Firebug (level 5, -3/32 HPs)
             Began as an Octopode Fire Elementalist on Dec 27, 2021.
             Slain by a water moccasin zombie (4 damage)
             ... in an ossuary.
             The game lasted 00:04:03 (2824 turns).

Conn the Firebug (Octopode Fire Elementalist)       Turns: 2824, Time: 00:04:04

Health: -3/32      AC:  1    Str:  8    XL:     5   Next: 94%
Magic:  2/9        EV: 13    Int: 19    God:
Gold:   78         SH:  0    Dex: 12    Spells: 9/10 levels left

rFire   . . .      SeeInvis .   a - +0 dagger
rCold   . . .      Faith    .   (no shield)
rNeg    . . .      Spirit   .   (helmet restricted)
rPois   .          Reflect  .   (no amulet)
rElec   .          Harm     .   (no ring)
rCorr   .          Rampage  .   (no ring)
Will    .....                   (no ring)
Stlth   +++.......              (no ring)
HPRegen 0.10/turn               (no ring)
MPRegen 0.11/turn               (no ring)
                                (no ring)
                                (no ring)

@: brilliant, hasted, very quick
A: almost no armour, amphibious, 8 rings, camouflage 1, gelatinous body 1,
(nimble swimmer 1), tentacles
a: no special abilities


You were in an ossuary.
You visited 1 branch of the dungeon, and saw 3 of its levels.
You also visited: Ossuary.

You collected 78 gold pieces.

Inventory:

Hand Weapons
 a - a +0 dagger (weapon)
Magical Staves
 e - a staff of earth
Scrolls
 c - 2 scrolls of identify
 d - 2 scrolls of fog


   Skills:
 + Level 0.8 Fighting
 + Level 0.1 Short Blades
 + Level 2.6 Dodging
 + Level 3.8 Stealth
 + Level 3.2 Spellcasting
 + Level 2.3 Conjurations
 + Level 4.3 Fire Magic


You had 9 spell levels left.
You knew the following spells:

 Your Spells              Type           Power      Damage    Failure   Level
a - Foxfire               Conj/Fire      92%        2x1d8     3%          1

Your spell library contained the following spells:

 Spells                   Type           Power      Damage    Failure   Level
 Scorch                   Fire           58%        2d7       3%          2
 Conjure Flame            Conj/Fire      23%        6-21      12%         3
 Inner Flame              Hex/Fire       16%        N/A       19%         3
 Flame Wave               Conj/Fire      23%        2d6       36%         4
 Irradiate                Conj/Tmut      5%         3d15      95%         5
 Blade Hands              Tmut           2%         N/A       99%         5
 Dragon Form              Tmut           2%         N/A       100%        7


Dungeon Overview and Level Annotations

Branches:
Dungeon (4/15)            Ossuary (1/1)
 Temple: D:4-7

Altars:
Hepliaklqana


Innate Abilities, Weirdness & Mutations

You cannot wear most types of armour.
You are amphibious.
You can wear up to eight rings at the same time.
Your skin changes colour to match your surroundings (Stealth+).
Your rubbery body absorbs attacks. (AC +1, EV +1)
((You are camouflaged when in or above water. (Stealth+)))
You have tentacles for arms and can constrict up to eight enemies at once.


Message History

Casting: Foxfire (safe; 3% risk of failure)
Confirm with . or Enter, or press ? or * to list all spells.
You conjure some foxfire!
The foxfire hits the water moccasin zombie.
The water moccasin zombie is moderately damaged.
The water moccasin zombie bites you.
Unknown command.
The foxfire hits the water moccasin zombie.
The water moccasin zombie is moderately damaged.
The foxfire hits the water moccasin zombie!
The water moccasin zombie is heavily damaged.
Unknown command.
There is an open door here.
Unknown command.
Unknown command.
Casting: Foxfire (safe; 3% risk of failure)
Confirm with . or Enter, or press ? or * to list all spells.
You conjure some foxfire!
The water moccasin zombie misses you.
The water moccasin zombie barely misses you.
Unknown command.
You hit the water moccasin zombie.
Your grab misses the water moccasin zombie.
The water moccasin zombie is severely damaged.
The foxfire hits the water moccasin zombie.
The water moccasin zombie is severely damaged.
The foxfire hits the water moccasin zombie.
The water moccasin zombie is severely damaged.
The water moccasin zombie bites you!
* * * LOW HITPOINT WARNING * * *
Unknown command.
Unknown command.
There is an empty arch of ancient stone here.
It was a potion of brilliance.
You feel clever all of a sudden. The water moccasin zombie misses you.
It was a potion of haste.
You feel yourself speed up. The water moccasin zombie bites you.
* * * LOW HITPOINT WARNING * * *
The water moccasin zombie bites you.
You die...

#...# #Z..#
#.Z.# #...#
#'### #...#
#..Z##### ####
#...#...#?!?!#
#...'ZZ@#?)??+
#∩..#...#!?!?#
######### ####


You could see a water moccasin zombie and a gnoll zombie.

Vanquished Creatures
  A wyvern zombie (D:4)
  A howler monkey (D:4)
  A hound (D:4)
  2 adders (D:4)
  4 adder zombies (Ossuary)
  2 worms (D:2)
  A bat (D:1)
  4 endoplasms
  A giant cockroach (D:1)
  6 goblins (D:1)
  2 hobgoblins
  3 jackals (D:2)
  3 quokkas
  6 ball pythons
  2 frilled lizards (D:1)
  3 hobgoblin zombies (Ossuary)
  7 kobolds
  A kobold zombie (Ossuary)
  2 orc zombies (Ossuary)
  6 rats (D:1)
  2 rat zombies (D:4)
60 creatures vanquished.

Vanquished Creatures (others)
  173 foxfires
173 creatures vanquished.

Grand Total: 233 creatures vanquished

Notes
Turn   | Place    | Note
-------+----------+-------------------------------------------
     0 | D:1      | Conn the Octopode Fire Elementalist began the quest for the
                  | Orb.
     0 | D:1      | Reached XP level 1. HP: 11/11 MP: 3/3
   236 | D:1      | Reached XP level 2. HP: 17/17 MP: 0/5
  1009 | D:1      | Reached XP level 3. HP: 21/21 MP: 3/6
  1213 | D:1      | Found a faded altar of an unknown god.
  2057 | D:2      | You fall into a shaft and drop 2 floors!
  2078 | D:4      | Reached skill level 4 in Fire Magic
  2078 | D:4      | Reached XP level 4. HP: 21/27 MP: 0/7
  2261 | D:4      | Reached XP level 5. HP: 28/32 MP: 6/9
  2390 | D:4      | Found a hazy altar of Hepliaklqana.
  2461 | D:4      | Found a sand-covered staircase.
  2479 | Ossuary  | Entered an ossuary
  2824 | Ossuary  | HP: 1/32 [water moccasin zombie (5)]
  2824 | Ossuary  | Slain by a water moccasin zombie

Illustrated notes

Levels and vault maps discovered:
D:1:      dpeg_arrival_tiny_d, layout_basic,
          dreamdust_ecumenical_altar_angels_and_demons, interstate_on_off
D:2:      layout_loops_ring, small_statue_intersection
D:4:      layout_loops_ring, nicolae_hepliaklqana_hazy_memory,
          lemuel_coloured_pillars_altar, enter_ossuary_4
Ossuary:  ossuary_tomb_2

Skill      XL: |  1  2  3  4 |
---------------+-------------+-----
Stealth        | 3 |  3.8
Fire Magic     | 4 |  4.3
Spellcasting   | 3 |  3.2
Conjurations   | 2 |  2.3
Fighting       | |  0.8
Short Blades   | |  0.1
Dodging        | |  2.6

Action                   |  1- 3 |  4- 6 || total
-------------------------+-------+-------++-------
Melee: Dagger            |    16 |    11 ||    27
       Constrict         |     3 |     4 ||     7
       Tentacles         |     2 |       ||     2
 Cast: Foxfire           |    68 |    39 ||   107
  Use: Scroll            |       |     2 ||     2
       Potion            |       |     2 ||     2
 Stab: Sleeping          |     5 |     1 ||     6
Armor: Skin              |     2 |     3 ||     5
Dodge: Dodged            |    12 |    17 ||    29

Table legend: (Time is in decaauts)
 A = Elapsed time spent in this place.
 B = Non-inter-level travel time spent in this place.
 C = Inter-level travel time spent in this place.
 D = Time resting spent in this place.
 E = Time spent auto-exploring this place.
 F = Levels seen in this place.
 G = Mean time per level.
                   A        B        C        D        E       F      G
               +--------+--------+--------+--------+--------+-----+--------+
         Total |   2822 |   2804 |     18 |      0 |   2192 |   4 |  705.5 |
       Dungeon |   2478 |   2460 |     18 |      0 |   1910 |   3 |  826.0 |
       Ossuary |    344 |    344 |      0 |      0 |    282 |   1 |  344.0 |
               +--------+--------+--------+--------+--------+-----+--------+

Top non-repeatable levels by time:
     D:1: 1314 daAuts
     D:2: 741 daAuts
     D:4: 421 daAuts
 Ossuary: 344 daAuts
